 Dungeon Crawl Stone Soup version 0.28.0-53-g5a82cb258f (webtiles) character file.

Game seed: 8628607013338720328

163310 MordorOrchid the Thaumaturge (level 18, -3/128 HPs)
             Began as a Djinni Venom Mage on July 3, 2022.
             Was a Believer of Uskayaw.
             Shot with an arrow by Vashnia (22 damage)
             ... on level 3 of the Snake Pit on July 4, 2022.
             The game lasted 03:02:02 (36516 turns).

MordorOrchid the Thaumaturge (Djinni Venom Mage)   Turns: 36516, Time: 03:02:03

Health: -3/128     AC:  9    Str:  7    XL:     18   Next: 46%
Gold:   2385       EV: 20    Int: 28    God:    Uskayaw [**....] SH: 15 Dex: 20

rFire   + + +      SeeInvis .   y - +6 quick blade (freeze)
rCold   + + .      Faith    .   m - +2 shield of Resistance {rF++ rC++ Will++}
rNeg    + . .      Spirit   .   P - +0 steam dragon scales
rPois   ∞          Reflect  .   V - +1 hat {Will+}
rElec   .          Harm     .   (no cloak)
rCorr   +          Rampage  .   M - +0 pair of gloves "Ruedy" {Regen+ rCorr MP-9}
Will    ++++.                   (boots unavailable)
Stlth   +++.......              (no amulet)
HPRegen 1.11/turn               L - ring of Roociojod {rF+ rN+ Int+3 Dex+6}
MPRegen 0.00/turn               v - ring of protection from cold

@: flying
A: sickness immunity, fire resistance 2, cold vulnerability 1, float, innate
caster, HP casting, extra vitality 1
a: Renounce Religion, Stomp, Line Pass


You were on level 3 of the Snake Pit.
You worshipped Uskayaw.
Uskayaw was aware of your devotion.
You visited 7 branches of the dungeon, and saw 29 of its levels.
You also visited: Ossuary, Ice Cave and Volcano.

You collected 3004 gold pieces.
You spent 619 gold pieces at shops.

Inventory:

Hand Weapons
 a - a +7 short sword of protection
 j - a +1 hunting sling of freezing
 y - a +6 quick blade of freezing (weapon)
Missiles
 e - 64 sling bullets
 l - 2 poisoned darts (quivered)
 u - 6 curare-tipped darts
 w - 9 javelins
 Q - 18 boomerangs
Armour
 m - the +2 shield of Resistance (worn) {rF++ rC++ Will++}
   (You acquired it on level 9 of the Dungeon)

   rF:        It greatly protects you from fire.
   rC:        It greatly protects you from cold.
   Will:      It greatly increases your willpower.
 M - the +0 pair of gloves "Ruedy" (worn) {Regen+ rCorr MP-9}
   (You found it in a volcano)

   MP:        It affects your magic capacity (-9).
   Regen:     It increases your rate of health regeneration.
   rCorr:     It protects you from acid and corrosion.
 P - +0 steam dragon scales (worn)
 V - a +1 hat of willpower (worn)
Magical Staves
 c - a staff of air
 Z - a staff of earth
Jewellery
 n - a ring of willpower
 s - a ring of see invisible
 v - a ring of protection from cold (right hand)
 A - the necklace of Bloodlust {*Rage Will++ Int-3 Slay+6}
   (You found it on level 12 of the Dungeon)

   [amulet of nothing]

   It extends the wearer's berserk rage when killing foes.
   Int:       It affects your intelligence (-3).
   Slay:      It affects your accuracy & damage with ranged weapons and melee
   (+6).
   *Rage:     It berserks you when you make melee attacks (+50% chance).
   Will:      It greatly increases your willpower.
 B - an amulet of reflection
 F - a ring of positive energy
 I - a +6 ring of strength
 L - the ring of Roociojod (left hand) {rF+ rN+ Int+3 Dex+6}
   (You found it in an ice cave)

   [ring of dexterity]

   Int:       It affects your intelligence (+3).
   Dex:       It affects your dexterity (+6).
   rF:        It protects you from fire.
   rN:        It protects you from negative energy.
Wands
 b - a wand of iceblast (10)
 q - a wand of mindburst (29)
 E - a wand of digging (4)
 G - a wand of flame (33)
 Y - a wand of acid (9)
Scrolls
 d - 2 scrolls of magic mapping
 f - 6 scrolls of enchant armour
 g - 2 scrolls of silence
 h - 2 scrolls of fog
 i - 7 scrolls of vulnerability
 k - 4 scrolls of immolation
 o - a scroll of acquirement
 p - a scroll of holy word
 z - 2 scrolls of summoning
 H - 9 scrolls of teleportation
 S - a scroll of blinking
 X - a scroll of fear
Potions
 r - 3 potions of haste
 t - 4 potions of brilliance
 C - 5 potions of ambrosia
 D - 8 potions of heal wounds
 K - 7 potions of curing
 N - a potion of might
 R - a potion of invisibility
 T - a potion of resistance
Miscellaneous
 x - a tin of tremorstones (2/2)


   Skills:
 * Level 11.3 Fighting
 * Level 7.4 Short Blades
 * Level 3.2 Throwing
 - Level 10.1 Armour
 * Level 12.3 Dodging
 - Level 3.0 Stealth
 * Level 11.2 Shields
 + Level 14.5 Spellcasting
 * Level 10.3 Invocations
 - Level 6.0 Evocations


You had 6 spell levels left.
You knew the following spells:

 Your Spells              Type           Power      Damage    Failure   Level
a - Sting                 Tmut/Pois      100%       1d8       0%          1
b - Olgreb's Toxic Radia  Pois           80%        N/A       1%          4
c - Wereblood             Tmut           80%        N/A       1%          2
d - Petrify               Tmut/Erth      80%        N/A       1%          4
e - Beastly Appendage     Tmut           100%       N/A       0%          1
f - Searing Ray           Conj           100%       2d8       1%          2
g - Mephitic Cloud        Conj/Pois/Air  80%        N/A       1%          3
p - Poisonous Vapours     Pois/Air       100%       N/A       1%          2
r - Starburst             Conj/Fire      40%        6d11      1%          6
s - Summon Forest         Summ/Tloc      40%        N/A       1%          5
J - Fulminant Prism       Conj/Hex       40%        3d20      1%          4
S - Summon Cactus Giant   Summ           40%        N/A       1%          6
Your spell library was empty.

Dungeon Overview and Level Annotations

Branches:
Dungeon (15/15)            Temple (1/1) D:5            Lair (6/6) D:11
 Shoals (1/4) Lair:3        Snake (3/4) Lair:3        Slime (0/5) Lair:6
    Orc (2/2) D:9             Elf (0/3) Orc:2        Vaults (0/5) D:14
 Depths (1/4) D:15        Ossuary (visited)           IceCv (visited)
Volcano (visited)

Altars:
Ashenzari
Cheibriados
Dithmenos
Elyvilon
Fedhas
Gozag
Hepliaklqana
Kikubaaqudgha
Makhleb
Nemelex Xobeh
Okawaru
Qazlal
Ru
Sif Muna
Trog
Uskayaw
Vehumet
Wu Jian
Xom
Yredelemnul
Zin
The Shining One
Beogh
Jiyva

Shops:
D:5 [   D:7 (   D:9 :   D:13 ([   Orc:1 [   Orc:2 [(=*   Snake:3 ![[

Annotations:
D:10 3 runed translucent doors, Revguard's ghost, journeyman HuFi
D:11 3 runed translucent doors, exclusion: death knight, fleshgolem's ghost, journeyman GnIE
Snake:3 Vashnia


Innate Abilities, Weirdness & Mutations

You are immune to sickness and miasma.
You are immune to poison.
Your flesh is very heat resistant. (rF++)
You are vulnerable to cold. (rC-)
You float through the air rather than walking.
You learn spells naturally, not from books.
Your magical power is your life essence.
You have superior vitality. (+4 MHP)


Message History

Vashnia is severely wounded.
Vashnia constricts you.
* * * LOW HITPOINT WARNING * * *
Vashnia struggles against the net.
You hit Vashnia. You freeze Vashnia.
Vashnia is severely wounded.
You puncture Vashnia! You freeze Vashnia.
Vashnia is severely wounded.
You hit Vashnia but do no damage.
Vashnia is severely wounded.
Vashnia gestures wildly while chanting.
Vashnia blinks!
Vashnia loses her grip on you.
Unknown command.
Okay, then.
You see here a throwing net.
Found a pair of gloves.
Vashnia unwields a +0 mace of venom.
It stops dripping with poison.
Vashnia wields a +1 longbow of flaming.
It bursts into flame!
Vashnia gestures wildly while chanting.
Vashnia magically shoots an arrow.
The arrow hits you!!
* * * LOW HITPOINT WARNING * * *
The naga sharpshooter mumbles some strange words.
The naga sharpshooter magically shoots an arrow.
You block the arrow.
Items here: ( )) †.
You feel much better.
The naga sharpshooter shoots an arrow.
The arrow closely misses you.
The naga sharpshooter gestures wildly while chanting.
The naga sharpshooter magically shoots an arrow.
The arrow completely misses you.
The naga sharpshooter shoots an arrow.
You block the arrow.
Vashnia shoots an arrow.
The arrow hits you!!
* * * LOW HITPOINT WARNING * * *
The arrow burns you.
* * * LOW HITPOINT WARNING * * *
Found a stone staircase leading down.
The naga sharpshooter mumbles some strange words.
The naga sharpshooter magically shoots an arrow.
You block the arrow.
Vashnia shoots an arrow.
The arrow hits you!!
You die...

..#. .......
.#.>.##.....#
#..[.........
............
#..........###
.............
#..........#
#.......)@.#
#(......###
#......)#####
##.....#.....#
##.....##(...##
#.......)...##
##..NN[.....#
#..........#
#####
##.......##.#
#...#


You could see Vashnia and a naga sharpshooter.

Vanquished Creatures
  Roxanne (D:15)
  An orc warlord (Orc:2)
  A frost giant (Depths:1)
  Aizul (Snake:3)
  The ghost of Kuralita the Martial Artist, a journeyman OpTm of Makhleb (D:15)
  Nessos (Orc:2)
  Azrael (D:15)
  A red draconian (Volcano)
  A merfolk javelineer (Shoals:1)
  A fire dragon (Lair:6)
  A salamander tyrant (Snake:3)
  8 vault guards (D:14)
  9 naga warriors
  4 boulder beetles
  7 hydras
  2 catoblepae
  A satyr (shapeshifter) (D:15)
  4 anacondas
  6 centaur warriors
  7 death yaks (Lair:6)
  7 two-headed ogres
  2 tengu warriors (D:15)
  5 slime creatures
  An orc high priest (Orc:2)
  9 naga sharpshooters
  3 shock serpents
  Sonja (Lair:2)
  A salamander mystic (Volcano)
  A swamp dragon (Lair:6)
  2 deep trolls (D:12)
  A lindwurm (Lair:6)
  9 sea snakes
  2 deep elf pyromancers
  6 naga ritualists
  4 manticores
  3 orc knights
  2 orc sorcerers
  14 mana vipers
  8 ugly things
  9 salamanders
  6 cyclopes
  A merfolk siren (Lair:3)
  16 elephants
  8 naga magi
  28 black mambas
  3 guardian serpents (Snake:2)
  3 ice statues (IceCv)
  2 molten gargoyles (Volcano)
  12 cane toads
  3 gargoyles
  5 rime drakes
  A freezing wraith (IceCv)
  Psyche (D:9)
  A tengu conjurer (D:15)
  2 anaconda simulacra (IceCv)
  An entropy weaver simulacrum (IceCv)
  3 merfolk (Lair:3)
  18 komodo dragons
  3 meliai
  4 trolls
  2 polar bears (Lair:6)
  A wind drake (Shoals:1)
  17 blink frogs
  2 dream sheep (Lair:6)
  2 shadows
  A water elemental (Shoals:1)
  51 yaks
  6 fire bats (Volcano)
  3 fire elementals (D:15)
  A wraith (D:9)
  5 wyverns
  4 basilisks
  2 steam dragons
  9 vampire mosquitoes
  3 wargs
  4 acid dragons
  11 nagas
  16 water moccasins
  4 hell hounds (D:15)
  25 orc warriors
  A swamp drake (Lair:6)
  A necrophage (D:5)
  A black bear (Lair:1)
  An ice beast (D:7)
  A sky beast (D:8)
  10 ogres
  5 wolves (Lair:5)
  13 centaurs
  A phantom (D:5)
  5 kobold brigands
  Blork the orc (D:6)
  An elf zombie (Ossuary)
  10 bullfrogs
  2 gnoll sergeants (D:9)
  4 scorpions
  11 wights
  3 howler monkeys (D:7)
  7 electric eels (Snake:1)
  A bullfrog zombie (D:5)
  6 centaur zombies
  4 hounds
  2 human zombies (Ossuary)
  6 lava snakes (Volcano)
  A gnoll shaman (D:8)
  4 jellies
  A bullfrog skeleton (D:6)
  21 orc priests
  Jessica (D:3)
  A hell rat (Lair:6)
  15 iguanas
  23 orc wizards
  A polar bear simulacrum (IceCv)
  A wolf simulacrum (IceCv)
  4 hound zombies (Ossuary)
  A hound skeleton (D:4)
  3 mummies (Ossuary)
  20 gnolls
  4 adders
  A white imp (D:7)
  An ufetubus (D:7)
  An adder zombie (Ossuary)
  5 worms
  3 dart slugs
  87 orcs
  An orc (shapeshifter) (D:10)
  7 bats
  6 endoplasms
  5 giant cockroaches
  5 goblins
  4 jackals (D:4)
  4 quokkas
  7 ball pythons
  18 frilled lizards
  7 goblin zombies
  8 hobgoblin zombies (Ossuary)
  6 jackal zombies (Ossuary)
  36 kobolds
  A kobold zombie (Ossuary)
  2 orc zombies (Ossuary)
  4 quokka zombies
  5 rats
  2 rat zombies (Ossuary)
  4 fulminant prisms
867 creatures vanquished.

Vanquished Creatures (collateral kills)
  Jorgrun (Orc:2)
  A dire elephant (Lair:6)
  3 hydras
  A catoblepas (Lair:5)
  An anaconda (Snake:3)
  A sea snake (Shoals:1)
  An orc knight (Orc:1)
  An ugly thing (IceCv)
  A naga mage (Snake:3)
  4 black mambas (Snake:3)
  An unseen horror (D:12)
  2 trolls
  9 yaks
  A basilisk (Lair:6)
  2 nagas (Snake:3)
  2 water moccasins
  An orc warrior (Orc:1)
  A nameless horror (Snake:3)
  A cane toad simulacrum (IceCv)
  An orc priest (Orc:1)
  An orc wizard (Orc:1)
  A wolf simulacrum (IceCv)
  An orc (Orc:1)
  A frilled lizard (Lair:3)
40 creatures vanquished.

Vanquished Creatures (others)
  A fire giant (D:15)
  A black mamba (Snake:3)
  A slime creature (D:15)
  355 fulminant prisms
  53 fungi
  138 plants
  4 snaplasher vines
553 creatures vanquished.

Grand Total: 1460 creatures vanquished

Notes
Turn   | Place    | Note
-------+----------+-------------------------------------------
     0 | D:1      | MordorOrchid the Djinni Venom Mage began the quest for the
                  | Orb.
     0 | D:1      | Reached XP level 1. HP: 15/15 MP: 0/0
   198 | D:1      | Reached XP level 2. HP: 19/21 MP: 0/0
   934 | D:1      | Reached XP level 3. HP: 14/26 MP: 0/0
   934 | D:1      | Learned a level 1 spell: Beastly Appendage
  1421 | D:2      | Reached skill level 3 in Spellcasting
  1740 | D:2      | Reached skill level 1 in Fighting
  1740 | D:2      | Reached skill level 1 in Armour
  1740 | D:2      | Reached XP level 4. HP: 20/32 MP: 0/0
  2309 | D:2      | Found a faded altar of an unknown god.
  2969 | D:3      | Reached XP level 5. HP: 32/37 MP: 0/0
  2969 | D:3      | Learned a level 2 spell: Searing Ray
  3052 | D:3      | Found an ornate altar of the Wu Jian Council.
  3053 | D:3      | Found a shimmering altar of Xom.
  3356 | D:3      | Noticed Jessica
  3363 | D:3      | Killed Jessica
  3525 | D:3      | Found a bloodstained altar of Trog.
  3660 | D:4      | Noticed a centaur
  3670 | D:4      | Noticed a kobold brigand
  3680 | D:4      | Killed a centaur
  3681 | D:4      | Reached skill level 4 in Spellcasting
  3681 | D:4      | Reached XP level 6. HP: 2/43 MP: 0/0
  4286 | D:4      | Reached XP level 7. HP: 36/49 MP: 0/0
  4286 | D:4      | Learned a level 2 spell: Wereblood
  4913 | D:5      | Entered Level 5 of the Dungeon
  5189 | D:5      | Reached skill level 5 in Spellcasting
  5329 | D:5      | Reached XP level 8. HP: 37/55 MP: 0/0
  5637 | D:5      | Found a staircase to the Ecumenical Temple.
  5648 | Temple   | Entered the Ecumenical Temple
  5768 | Temple   | Became a worshipper of Uskayaw the Reveller
  5798 | D:5      | Reached * piety under Uskayaw
  5851 | D:5      | Found Oteomi Kustry's Antique Armour Shop.
  5856 | D:5      | Bought a buckler for 72 gold pieces
  5880 | D:5      | Reached ** piety under Uskayaw
  6197 | D:5      | Reached skill level 1 in Shields
  6321 | D:6      | Found a sand-covered staircase.
  6338 | Ossuary  | Entered an ossuary
  6846 | Ossuary  | Reached *** piety under Uskayaw
  6849 | Ossuary  | Reached skill level 6 in Spellcasting
  7316 | D:6      | Reached XP level 9. HP: 37/62 MP: 0/0
  7316 | D:6      | Learned a level 4 spell: Fulminant Prism
  7465 | D:6      | Noticed Blork the orc
  7472 | D:6      | Killed Blork the orc
  8471 | D:6      | Reached skill level 5 in Dodging
  8597 | D:6      | Reached skill level 1 in Invocations
  8885 | D:7      | Noticed a two-headed ogre
  8938 | D:7      | Killed a two-headed ogre
  8939 | D:7      | Reached skill level 5 in Fighting
  9356 | D:7      | Reached skill level 7 in Spellcasting
  9433 | D:7      | Found Juoll's Weapon Shop.
  9535 | D:7      | You are sucked into a shaft and drop 3 floors!
  9535 | D:10     | Entered Level 10 of the Dungeon
  9583 | D:10     | Reached XP level 10. HP: 29/70 MP: 0/0
  9845 | D:10     | Reached skill level 5 in Armour
 10050 | D:9      | Noticed a gargoyle
 10051 | D:9      | Noticed a two-headed ogre
 10454 | D:9      | Found a staircase to the Orcish Mines.
 10461 | D:9      | Killed a two-headed ogre
 11051 | D:7      | Reached skill level 8 in Spellcasting
 11948 | D:8      | Reached XP level 11. HP: 62/76 MP: 0/0
 11948 | D:8      | Learned a level 4 spell: Petrify
 12318 | D:8      | Reached **** piety under Uskayaw
 13120 | D:9      | Noticed a brown ugly thing
 13122 | D:9      | Noticed a two-headed ogre
 13143 | D:9      | Killed a two-headed ogre
 13144 | D:9      | Reached skill level 5 in Shields
 13241 | D:9      | Noticed Psyche
 13264 | D:9      | Killed a brown ugly thing
 13270 | D:9      | Killed Psyche
 13544 | D:9      | Identified a scroll of acquirement
 13556 | D:9      | Acquired the +2 shield of Resistance {rF++ rC++ Will++}
 13556 | D:9      | Found the +2 shield of Resistance {rF++ rC++ Will++}
 13739 | D:9      | Noticed a two-headed ogre
 13765 | D:9      | Killed a two-headed ogre
 13766 | D:9      | Reached skill level 9 in Spellcasting
 14334 | D:9      | Found Kuiqin's Book Emporium.
 15104 | D:10     | Found a runed translucent gate.
 15106 | D:10     | Found a runed translucent gate.
 15106 | D:10     | Noticed a white ugly thing
 15106 | D:10     | Noticed a brown ugly thing
 15106 | D:10     | Noticed a white ugly thing
 15106 | D:10     | Noticed a purple ugly thing
 15107 | D:10     | Found a runed translucent gate.
 15393 | D:10     | Reached skill level 5 in Short Blades
 15393 | D:10     | Reached skill level 5 in Evocations
 15393 | D:10     | Reached XP level 12. HP: 84/84 MP: 0/0
 15412 | D:10     | Reached XP level 13. HP: 58/90 MP: 0/0
 15412 | D:10     | Learned a level 5 spell: Summon Forest
 15424 | D:10     | Found a runed translucent gate.
 15424 | D:10     | Found a runed translucent gate.
 15429 | D:10     | Found a runed translucent gate.
 15429 | D:10     | Noticed Revguard's ghost (journeyman HuFi)
 15431 | D:10     | Noticed a cacodemon
 15464 | D:11     | Found a staircase to the Lair.
 15476 | D:11     | Reached ***** piety under Uskayaw
 15477 | D:11     | Reached skill level 5 in Invocations
 15764 | D:11     | Found a glowing silver altar of Zin.
 15794 | D:11     | Noticed a five-headed hydra
 15822 | D:11     | Killed a five-headed hydra
 16066 | D:11     | Reached skill level 10 in Spellcasting
 16799 | D:11     | Found a runed translucent gate.
 16799 | D:11     | Found a runed translucent gate.
 16799 | D:11     | Found a runed translucent gate.
 16801 | D:11     | Noticed fleshgolem's ghost (journeyman GnIE)
 16942 | D:11     | Found a viscous altar of Jiyva.
 17277 | D:12     | Noticed a centaur warrior
 17292 | D:12     | Killed a centaur warrior
 17590 | Lair:1   | Entered Level 1 of the Lair of Beasts
 18136 | Lair:1   | Noticed a six-headed hydra
 18151 | Lair:1   | Killed a six-headed hydra
 18595 | Lair:1   | Reached XP level 14. HP: 90/97 MP: 0/0
 18899 | Lair:2   | You are sucked into a shaft and drop 1 floor!
 18916 | Lair:3   | Found a staircase to the Snake Pit.
 19002 | Lair:2   | Reached skill level 11 in Spellcasting
 19005 | Lair:2   | Noticed Sonja
 19013 | Lair:2   | Killed Sonja
 19177 | Lair:2   | Found a dark tunnel.
 19185 | Volcano  | Entered a volcano
 19737 | Volcano  | Found a burning altar of Makhleb.
 19751 | Volcano  | Noticed a red draconian
 20136 | Volcano  | Killed a red draconian
 20205 | Volcano  | Identified the +0 pair of gloves "Ruedy" {Regen+ rCorr
                  | MP-9}
 21453 | Lair:3   | Found a staircase to the Shoals.
 22561 | Lair:4   | Reached ****** piety under Uskayaw
 24036 | Lair:5   | Reached XP level 15. HP: 99/104 MP: 0/0
 24036 | Lair:5   | Learned a level 6 spell: Summon Cactus Giant
 24064 | Lair:5   | Identified the +1 ring mail of Veniesef {rC+ Str-2 SInv}
 24639 | Lair:5   | Reached skill level 12 in Spellcasting
 24777 | Lair:6   | Entered Level 6 of the Lair of Beasts
 24924 | Lair:6   | Found a staircase to the Slime Pits.
 25133 | Lair:6   | Reached skill level 10 in Dodging
 25286 | Lair:6   | Found a frozen archway.
 25291 | IceCv    | Entered an ice cave
 25507 | IceCv    | Identified the ring of Roociojod {rF+ rN+ Int+3 Dex+6}
 26211 | Lair:6   | Reached XP level 16. HP: 33/112 MP: 0/0
 26706 | Shoals:1 | Entered Level 1 of the Shoals
 26950 | Orc:1    | Entered Level 1 of the Orcish Mines
 27072 | Orc:1    | Reached skill level 13 in Spellcasting
 27277 | Orc:1    | Found Yscha's Antique Armour Shoppe.
 27473 | Orc:2    | Entered Level 2 of the Orcish Mines
 27474 | Orc:2    | Noticed Nessos
 27533 | Orc:2    | Killed Nessos
 27558 | Orc:2    | Noticed Jorgrun
 27573 | Orc:2    | Killed Jorgrun
 27924 | Orc:2    | Reached skill level 10 in Fighting
 28189 | Orc:2    | Found a staircase to the Elven Halls.
 28206 | Orc:2    | Found Gysisch's Assorted Antiques.
 28288 | Orc:2    | Found Gyuse's Jewellery Boutique.
 28648 | Orc:2    | Found Tuzxov's Antique Weapon Shoppe.
 28650 | Orc:2    | Found Nukkub's Antique Armour Emporium.
 28657 | Orc:2    | Bought a jewelled ring mail for 216 gold pieces
 28657 | Orc:2    | Identified the +3 ring mail "Uschiynte" {+Blink rC- Int+4
                  | Dex+4} (You bought it in a shop on level 2 of the Orcish
                  | Mines)
 28894 | D:12     | Reached skill level 10 in Armour
 29046 | D:12     | Found the necklace of Bloodlust {*Rage Will++ Int-3 Slay+6}
 29192 | D:12     | Acquired a +6 quick blade
 29197 | D:12     | Acquired 528 gold pieces
 29669 | D:13     | Found Tuhoclal's Antique Armour Emporium.
 29695 | D:13     | Bought a pair of steaming gloves for 256 gold pieces
 29695 | D:13     | Identified the +0 pair of gloves "Weacvute" {Fly rF+ Will+
                  | Str+4} (You bought it in a shop on level 13 of the Dungeon)
 29985 | D:13     | Found Ajai's Antique Weapon Shop.
 30717 | D:14     | Found a gate to the Vaults.
 30739 | D:14     | Reached skill level 10 in Shields
 30739 | D:14     | Reached XP level 17. HP: 82/120 MP: 0/0
 30739 | D:14     | Learned a level 6 spell: Starburst
 31347 | D:15     | Entered Level 15 of the Dungeon
 31385 | D:15     | Identified the +5 quarterstaff "Embalmer" {vorpal, Str+4}
 31429 | D:15     | Identified Roxanne's Disquisition on Changing
 31429 | D:15     | Noticed Roxanne
 31914 | D:15     | Noticed Azrael
 31932 | D:15     | Killed Azrael
 32209 | D:15     | Found a runed translucent gate.
 32209 | D:15     | Found a runed translucent gate.
 32209 | D:15     | Found a runed translucent gate.
 32210 | D:15     | Noticed Kuralita's ghost (journeyman OpTm)
 32236 | D:15     | Killed Kuralita's ghost
 32360 | D:15     | Found a staircase to the Depths.
 32376 | Depths:1 | Entered Level 1 of the Depths
 32621 | D:15     | Killed Roxanne
 32813 | Lair:4   | Identified the +5 scale mail of the Lich-sworn {-Cast rN+
                  | Regen+ Dex+4}
 32862 | Snake:1  | Entered Level 1 of the Snake Pit
 32883 | Snake:1  | Reached skill level 14 in Spellcasting
 33064 | Snake:1  | Reached skill level 1 in Throwing
 33931 | Snake:1  | Identified the +0 helmet of Gravitas {-Cast Harm rCorr
                  | Int-2 SInv}
 34012 | Snake:2  | Identified the +6 battleaxe of Gluttony {flame, rPois}
 34480 | Snake:2  | Reached skill level 10 in Invocations
 34572 | Snake:2  | Reached XP level 18. HP: 127/128 MP: 0/0
 35566 | Snake:3  | Noticed Vashnia
 35711 | Snake:3  | Noticed Aizul
 35734 | Snake:3  | Found Xoqo Rab's Antique Armour Boutique.
 35736 | Snake:3  | Found Soariec's Armour Shop.
 35739 | Snake:3  | Found Paock's Distillery.
 35841 | Snake:3  | Bought a potion of heal wounds for 75 gold pieces
 36146 | Snake:3  | Killed Aizul
 36516 | Snake:3  | Shot with an arrow by Vashnia

Illustrated notes

Levels and vault maps discovered:
D:1:      dpeg_arrival_round_b, layout_rooms,
          nicolae_concentric_dashed_squares_wild
D:2:      layout_loops_ring, hellmonk_ecumenical_altar_blasted
D:3:      layout_basic, trog_book, mainiacjoe_overflow_catwalk_spiral,
          uniq_jessica
D:4:      layout_basic, minmay_quadrilaterals
D:5:      layout_loops_ring, minmay_temple_entry_antechambers,
          minmay_shop_grid_forest, kennysheep_generic_room_9
D:6:      layout_cave_pods, enter_ossuary_4, uniq_blork_the_orc
D:7:      layout_basic, serial_shops, nicolae_diamond_shop,
          minmay_misc_feat_enclosed, minmay_chambers_of_fives
D:8:      kennysheep_kobold_camp, layout_cave_pools
D:9:      layout_loops_ring, orc_0_dummy, serial_shops, nicolae_shop_trees,
          st_stairs_10, uniq_psyche
D:10:     layout_stronghold, mainiacjoe_overflow_brackets,
          ploomutoo_gammafunk_ghost_potion_laboratory
D:11:     layout_roguey, david_lair_generic, gammafunk_ghost_ooze, zin_academy
D:12:     layout_cross, hellmonk_guarded_unrand_vitality_bloodlust
D:13:     layout_stronghold, serial_shops, nicolae_stop_n_shop_1,
          nicolae_shop_hallway_stairs
D:14:     layout_basic, erik_vaults_2
D:15:     hangedman_depths_entry_try_elsewhere_first, layout_loops_ring,
          serial_rivers, chequers_serial_rivers_small_a,
          chequers_serial_rivers_small_3, chequers_serial_rivers_micro_e,
          chequers_serial_rivers_room_b, chequers_serial_rivers_room_a,
          ebering_ghost_rock_garden, chequers_serial_rivers_micro_c,
          uniq_azrael, uniq_roxanne
Temple:   mainiacjoe_temple_coin_purse
Lair:1:   layout_roguey, grunt_megastairs_1
Lair:2:   layout_loops_ring, lightli_volcano_entry_magma_tube,
          lemuel_fruit_fields, uniq_sonja
Lair:3:   lemuel_reptile_caves, layout_gridlike, elwin_shoals_entry_stream,
          dummy_snake_entry, chequers_serial_rivers_marsh, lemuel_fruit_tree
Lair:4:   layout_loops_ring, serial_bayou_shore_a
Lair:5:   layout_gridlike, serial_bayou_crossing
Lair:6:   guppyfry_lair_end_dragon, layout_regular_city,
          hangedman_lair_in_review, slime_dummy,
          portal_ice_cave_entry_pillars_2, grunt_megastairs_4,
          infiniplex_staircase_pool_2
Shoals:1: layout_shoals, nicolae_shoals_sun_and_surf
Snake:1:  layout_basic, nicolae_snake_squiggles
Snake:2:  nrook_guardian_serpent_snake_passage, layout_layer_cave,
          grunt_ministairs_1
Snake:3:  cheibrodos_snake_ritualist_ritual, layout_cave_shapes,
          minmay_shop_star, uniq_vashnia, uniq_aizul
Orc:1:    layout_caves, serial_shops, nicolae_shop_overgrown_old_shop
Orc:2:    grunt_orc_community_town_hall, layout_caves,
          grunt_orc_community_big_house_1, grunt_orc_community_big_house_1,
          grunt_orc_community_house_2, grunt_orc_community_house_1,
          grunt_orc_community_house_1, grunt_orc_community_house_1,
          grunt_orc_community_house_2, uniq_jorgrun, uniq_nessos
Depths:1: layout_roguey, corexii_corridor_pit, pf_hell_entry_tar_river,
          statue_in_the_mist_lemuel, nicolae_dithmenos_shadow_blocks,
          grunt_megastairs_2, uniq_enchantress, uniq_sojobo

Skill      XL: |  1  2  3  4  5  6  7  8  9 10 11 12 13 14 15 16 17 18 |
---------------+-------------------------------------------------------+-----
Spellcasting   | 3 4 5 6 7 8 9 10 11 12 13 14 | 14.5
Fighting       | 1 2 3 5 6 7 8 9 10 11 | 11.3
Armour         | 1 2 3 4 5 6 7 8 9 10 | 10.1
Dodging        | 3 4 5 6 7 8 9 10 11 12 | 12.3
Shields        | 1 3 4 5 6 7 9 10 11 | 11.2
Invocations    | 2 3 4 6 7 8 9 10 | 10.3
Short Blades   | 5 7 |  7.4
Evocations     | 5 6 |  6.0
Stealth        | 3 |  3.0
Throwing       | 2 3 |  3.2

Action                   |  1- 3 |  4- 6 |  7- 9 | 10-12 | 13-15 | 16-18 || total
-------------------------+-------+-------+-------+-------+-------+-------++-------
Melee: Unarmed           |     1 |       |       |       |       |       ||     1
       Dagger            |     5 |     3 |     3 |       |       |       ||    11
       Punch             |     1 |       |       |       |       |       ||     1
       Short sword       |       |       |       |     1 |   277 |   102 ||   380
       Quick blade       |       |       |       |       |       |   401 ||   401
 Fire: Hunting sling     |     3 |    31 |   105 |    66 |     2 |    79 ||   286
Throw: Throwing net      |       |       |       |       |       |     1 ||     1
 Cast: Sting             |    52 |    30 |    42 |    29 |    28 |    13 ||   194
       Poisonous Vapours |    10 |    30 |    25 |    43 |    90 |   102 ||   300
       Mephitic Cloud    |     1 |     3 |    12 |    17 |    58 |    68 ||   159
       Searing Ray       |       |     3 |    47 |    28 |    37 |    25 ||   140
       Olgreb's Toxic Ra |       |       |     6 |    31 |    55 |    64 ||   156
       Wereblood         |       |       |     1 |       |       |       ||     1
       Fulminant Prism   |       |       |     2 |    43 |   166 |   148 ||   359
       Summon Forest     |       |       |       |       |    11 |     7 ||    18
       Petrify           |       |       |       |       |     3 |    17 ||    20
       Summon Cactus Gia |       |       |       |       |     7 |     8 ||    15
       Starburst         |       |       |       |       |       |    54 ||    54
Evoke: Wand              |       |       |       |       |     2 |     2 ||     4
  Use: Scroll            |       |     1 |    13 |    13 |    10 |     6 ||    43
       Potion            |       |       |       |     2 |     1 |     1 ||     4
 Stab: Paralysed         |       |       |     1 |     1 |    19 |    38 ||    59
       Petrified         |       |       |       |       |     4 |    32 ||    36
       Confused          |       |       |       |       |    22 |    45 ||    67
       Sleeping          |       |       |       |       |    11 |     1 ||    12
       Distracted        |       |       |       |       |     1 |       ||     1
       Petrifying        |       |       |       |       |       |     9 ||     9
Armor: Robe              |    11 |     1 |    19 |     9 |    37 |       ||    77
       Steam dragon scal |       |       |       |       |    17 |    45 ||    62
       Ring mail         |       |       |       |       |     2 |       ||     2
Dodge: Dodged            |    13 |    10 |    49 |    25 |   179 |   180 ||   456
Block: Buckler           |       |       |     9 |    10 |       |       ||    19
       Kite shield       |       |       |       |    14 |   231 |   277 ||   522
